[Event "ICC tourney 2092 (45 10)"]
[Site "Internet Chess Club"]
[Date "2020.10.31"]
[Round "2"]
[White "RaymondJiang1"]
[Black "maxwellmassiah"]
[Result "0-1"]
[ICCResult "White checkmated"]
[WhiteElo "1427"]
[BlackElo "1706"]
[Opening "Van't Kruijs opening"]
[ECO "A00"]
[Time "13:34:05"]
[TimeControl "2700+10"]

1. e3 Nf6 2. d4 d5 3. c4 c6 4. Nc3 Bf5 5. Be2 e6 6. Qb3 Na6 7. a3 Rb8 8. Nf3
Nc7 9. O-O Be7 10. Bd2 O-O 11. Ne5 Bd6 12. f4 Ne4 13. Nxe4 Bxe4 14. Bf3 dxc4
15. Qxc4 Bd5 16. Bxd5 cxd5 17. Qe2 f6 18. Nf3 Qe7 19. Bc3 Ne8 20. Qf2 Qf7
21. Qh4 Be7 22. Qg3 Qh5 23. Qh4 Qxh4 24. Nxh4 Nd6 25. Bb4 Rfe8 26. Bxd6 Bxd6
27. Rad1 Rbc8 28. Rc1 b5 29. Nf3 a6 30. Nd2 Bb8 31. Nb3 Rc4 32. Nc5 a5 33.
b3 Rxc1 34. Rxc1 Rc8 35. Kf2 Kf7 36. Ke2 e5 37. g3 exd4 38. exd4 Bd6 39. b4
axb4 40. axb4 Ra8 41. Rc2 Ra1 42. Nd3 Rb1 43. Rb2 Rxb2+ 44. Nxb2 Bxb4 45.
Kd3 Ke6 46. g4 Kd6 47. f5 Kc6 48. Kc2 Bd6 49. h3 b4 50. Kb3 Kb5 51. Nd3 g6
52. Ne1 Bf4 53. Nc2 Bd2 54. Na1 Bc3 55. Nc2 g5 56. Ne3 Kc6 57. Nc2 Kd6 58.
Nxb4 Bxd4 59. Nd3 Be3 60. Kb4 Kc6 61. Kc3 Kb5 62. Kb3 Bd2 63. Kc2 Be3 64.
Kb3 Kc6 65. Kb4 Bd2+ 66. Kb3 d4 67. Kc4 Bc3 68. Nb4+ Bxb4 69. Kxb4 Kd5 70.
Kb3 Ke4 71. Kc2 Ke3 72. Kd1 Kd3 73. h4 gxh4 74. Ke1 h3 75. Kf2 h2 76. Kg2
h1=Q+ 77. Kxh1 Ke2 78. g5 d3 79. g6 d2 80. g7 d1=Q+ 81. Kh2 Qd8 82. Kg3 Qg8
83. Kf4 Qxg7 84. Ke4 Qg4+ 85. Kd5 Qxf5+ 86. Kc6 Qe5 87. Kb6 Kd3 88. Kb7 Kc4
89. Kc6 Qd5+ 90. Kc7 Kb5 91. Kc8 Qf7 92. Kd8 Kc6 93. Kc8 Qc7# {White
checkmated} 0-1

[Event "ICC tourney 2092 (45 10)"]
[Site "Internet Chess Club"]
[Date "2020.10.31"]
[Round "2"]
[White "ajedrez7"]
[Black "wahoo"]
[Result "1-0"]
[ICCResult "Black checkmated"]
[WhiteElo "1655"]
[BlackElo "1743"]
[Opening "Scandinavian (center counter) defense"]
[ECO "B01"]
[NIC "SD.01"]
[Time "13:33:11"]
[TimeControl "2700+10"]

1. e4 d5 2. exd5 Qxd5 3. Nc3 Qa5 4. Nf3 Bg4 5. Bc4 e6 6. O-O Nf6 7. d3 c6 8.
Bd2 Qc7 9. Re1 Bd6 10. h3 Bh5 11. Ne4 Nxe4 12. Rxe4 O-O 13. Bc3 Nd7 14. Rh4
Bg6 15. Rg4 Be5 16. Nxe5 Nxe5 17. Rg3 Nxc4 18. dxc4 Rad8 19. Qe2 Qd6 20. h4
f6 21. h5 Bf5 22. Qe3 Bxc2 23. a3 Bf5 24. Bb4 Qd3 25. Qxd3 Rxd3 26. Rxd3
Bxd3 27. Bxf8 Kxf8 28. c5 Be2 29. Re1 Bc4 30. f3 Ke7 31. Kf2 Bd5 32. b4 a6
33. g4 Bb3 34. f4 Kf7 35. Ke3 Bd5 36. g5 f5 37. Kd4 Ke7 38. Re3 Kd7 39. Ke5
Ke7 40. h6 g6 41. Re2 Bc4 42. Rb2 Bb5 43. Rb1 Ba4 44. Kd4 Bc2 45. Rb2 Be4
46. a4 Bd5 47. b5 a5 48. Ke5 Be4 49. bxc6 Bxc6 50. Rb6 Bd5 51. Rb5 Bc6 52.
Rxa5 Bd7 53. Ra8 Be8 54. Rxe8+ Kxe8 55. Kxe6 Kf8 56. a5 Ke8 57. c6 bxc6 58.
a6 Kd8 59. a7 Kc7 60. a8=Q c5 61. Qa7+ Kc6 62. Qxh7 c4 63. Qxg6 c3 64. Qxf5
Kc7 65. h7 Kc6 66. Qc2 Kc7 67. Qxc3+ Kb7 68. h8=Q Kb6 69. Qhd4+ Ka6 70. Qdb4
Ka7 71. Qca3# {Black checkmated} 1-0

[Event "ICC tourney 2092 (45 10)"]
[Site "Internet Chess Club"]
[Date "2020.10.31"]
[Round "2"]
[White "VincentT2008"]
[Black "chesslin"]
[Result "0-1"]
[ICCResult "White resigns"]
[WhiteElo "1790"]
[BlackElo "1890"]
[Opening "King's Indian: Sämisch variation"]
[ECO "E80"]
[NIC "KI.54"]
[Time "13:33:44"]
[TimeControl "2700+10"]

1. d4 g6 2. c4 Bg7 3. Nc3 d6 4. e4 Nf6 5. f3 Nbd7 6. Be3 c5 7. Nge2 h5 8.
Qd2 a6 9. h3 cxd4 10. Nxd4 Qc7 11. Be2 Ne5 12. Rc1 Bd7 13. O-O Rc8 14. Nd5
Qd8 15. Qb4 Nc6 16. Nxc6 Bxc6 17. Nb6 Rc7 18. c5 dxc5 19. Bxc5 O-O 20. Rfd1
Qe8 21. Nd5 Bxd5 22. exd5 Qc8 23. Be3 Nxd5 24. Rxc7 Nxb4 25. Rxc8 Rxc8 26.
Rd7 Rc2 27. Bf1 Bf6 28. Rxb7 Nd5 29. Bf2 Bxb2 30. Bxa6 Rc1+ 31. Bf1 Bf6 32.
Rd7 e6 33. g3 h4 34. gxh4 Be5 35. Rd8+ Kg7 36. Rd7 Ra1 37. Ra7 Nf4 38. a4
Nxh3+ 39. Kg2 Nxf2 40. Kxf2 Bd4+ 41. Kg3 Bxa7 {White resigns} 0-1

[Event "ICC tourney 2092 (45 10)"]
[Site "Internet Chess Club"]
[Date "2020.10.31"]
[Round "2"]
[White "chessisthebest1"]
[Black "landonp"]
[Result "1-0"]
[ICCResult "Black checkmated"]
[WhiteElo "1833"]
[BlackElo "1344"]
[Opening "Giuoco Piano"]
[ECO "C54"]
[NIC "IG.02"]
[Time "13:33:15"]
[TimeControl "2700+10"]

1. e4 e5 2. Nf3 Nc6 3. Bc4 Bc5 4. c3 Nf6 5. d3 d6 6. O-O O-O 7. Nbd2 a6 8.
a4 Bg4 9. Re1 Re8 10. Nf1 h6 11. h3 Bh5 12. Ng3 Bg6 13. b4 Bb6 14. Qb3 Qd7
15. Be3 Bxe3 16. Rxe3 Rad8 17. Rae1 Na7 18. a5 c6 19. Qa2 Rc8 20. Bb3 c5 21.
Ba4 Nb5 22. c4 Nc3 23. Bxd7 Nxa2 24. Bxe8 Rxe8 25. bxc5 dxc5 26. Rb1 Nb4 27.
Ne1 Rd8 28. Kf1 Nd7 29. Ne2 Nb8 30. f4 f6 31. f5 Bf7 32. Nc1 N8c6 33. Nb3
Kh7 34. Ke2 h5 35. g4 Kh6 36. Kd2 Bxc4 37. Nxc5 Ba2 38. Rb2 Bc4 39. Kc3 Na2+
40. Kc2 Nab4+ 41. Rxb4 Nxb4+ 42. Kc3 Nxd3 43. Nexd3 Bb5 44. Nxb7 Rc8+ 45.
Kd2 Rc6 46. Nbc5 Kg5 47. Ne6+ Kh6 48. gxh5 g5 49. hxg6 Rc8 50. Rg3 Be8 51.
Rg4 Kh5 52. Ng7+ Kh6 53. Nxe8 Rxe8 54. g7 Rg8 55. Nc5 Rxg7 56. Rxg7 Kxg7 57.
Nxa6 Kf7 58. Nc7 Ke7 59. Nd5+ Kd7 60. Nxf6+ Kc7 61. Ng4 Kb7 62. Nxe5 Ka6 63.
f6 Kxa5 64. f7 Kb5 65. f8=Q Kb6 66. Qb8+ Kc5 67. Qc7+ Kd4 68. Qd6+ Kxe4 69.
Nd3 Kf5 70. Qe5+ Kg6 71. Nf4+ Kh6 72. Qf6+ Kh7 73. Qf7+ Kh6 74. Qg6#
{Black checkmated}
1-0

[Event "ICC tourney 2092 (45 10)"]
[Site "Internet Chess Club"]
[Date "2020.10.31"]
[Round "2"]
[White "wulovechess"]
[Black "ved2006"]
[Result "0-1"]
[ICCResult "White checkmated"]
[WhiteElo "1564"]
[BlackElo "1670"]
[Opening "French: advance, Euwe variation"]
[ECO "C02"]
[NIC "FR.03"]
[Time "13:34:05"]
[TimeControl "2700+10"]

1. e4 e6 2. d4 d5 3. e5 c5 4. c3 Nc6 5. Nf3 Bd7 6. Be2 Qb6 7. O-O Nh6 8.
dxc5 Bxc5 9. b4 Be7 10. Be3 Qc7 11. Bf4 Ng4 12. Re1 Ngxe5 13. Nxe5 Nxe5 14.
Bxe5 Qxe5 15. Bf3 Qc7 16. Qe2 Qd6 17. Nd2 Bf6 18. Rac1 O-O 19. c4 dxc4 20.
Nxc4 Qe7 21. Bxb7 Rab8 22. Na5 Qxb4 23. Nc6 Bxc6 24. Bxc6 Qa3 25. Be4 Rb2
26. Qh5 g6 27. Qh6 Rxa2 28. h3 Qa5 29. Red1 Bg5 30. Rd5 Bxh6 31. Rxa5 Rxa5
32. Rc7 Ra1+ 33. Kh2 Bf4+ 34. g3 Bxc7 35. f4 Ra2+ 36. Kh1 Rd8 37. Bf3 Rb8
38. Be4 Ra1+ 39. Kh2 Rb2+ 40. Bg2 Raa2 41. h4 Rxg2+ 42. Kh3 f5 43. h5 Rh2#
{White checkmated}
0-1

[Event "ICC tourney 2092 (45 10)"]
[Site "Internet Chess Club"]
[Date "2020.10.31"]
[Round "2"]
[White "DanielA1926"]
[Black "Telos53"]
[Result "1-0"]
[ICCResult "Black checkmated"]
[WhiteElo "1541"]
[BlackElo "1768"]
[Opening "QGD semi-Slav"]
[ECO "D43"]
[NIC "QP.08"]
[Time "13:34:05"]
[TimeControl "2700+10"]

1. d4 d5 2. Nf3 Nf6 3. c4 e6 4. Nc3 c6 5. Bg5 Be7 6. e3 h6 7. Bh4 Nbd7 8.
Bd3 O-O 9. O-O dxc4 10. Bxc4 b5 11. Bb3 Bb7 12. Qe2 Rc8 13. Rfd1 Re8 14.
Rac1 Qb6 15. a4 b4 16. Nb1 c5 17. Nbd2 a5 18. Nc4 Qa7 19. Ba2 g5 20. Bg3 Nb6
21. h4 Ne4 22. Nfe5 Kg7 23. Qh5 Rf8 24. Ng4 Rh8 25. Be5+ f6 26. dxc5 Nxc4
27. Rd7 Rce8 28. Rxc4 Qa8 29. Bb1 fxe5 30. Nxe5 Kf6 31. Qf7+ Kxe5 32. f4+
gxf4 33. Qxf4# {Black checkmated} 1-0

[Event "ICC tourney 2092 (45 10)"]
[Site "Internet Chess Club"]
[Date "2020.10.31"]
[Round "2"]
[White "imranchamp"]
[Black "javasri"]
[Result "0-1"]
[ICCResult "White checkmated"]
[WhiteElo "1812"]
[BlackElo "1912"]
[Opening "French: Winawer (Nimzovich) variation"]
[ECO "C15"]
[NIC "FR.08"]
[Time "13:33:13"]
[TimeControl "2700+10"]

1. e4 e6 2. d4 d5 3. Nc3 Bb4 4. exd5 exd5 5. a3 Be7 6. Nf3 Nf6 7. Bd3 O-O 8.
O-O Bg4 9. h3 Bh5 10. Bf4 Nbd7 11. Be2 c6 12. Re1 Re8 13. Kh2 Nf8 14. g4 Bg6
15. Ne5 Ne4 16. Nxe4 Bxe4 17. f3 Bg6 18. Bg3 Bh4 19. Rg1 Bxg3+ 20. Rxg3 f6
21. Nxg6 Nxg6 22. Qd2 Qd6 23. Re1 Nf4 24. Bf1 g5 25. c4 Kf7 26. cxd5 cxd5
27. Kh1 Rxe1 28. Qxe1 Re8 29. Qb1 Kg7 30. Rg1 Re3 31. Qd1 a6 32. Bg2 Re2 33.
Qb3 Qe7 34. Qc3 Qd6 35. Qb3 Nxh3 36. Qxb7+ Kh6 37. f4 Nf2+ 38. Kh2 Qxf4#
{White checkmated}
0-1

[Event "ICC tourney 2092 (45 10)"]
[Site "Internet Chess Club"]
[Date "2020.10.31"]
[Round "2"]
[White "gabolito1223"]
[Black "Natey"]
[Result "1/2-1/2"]
[ICCResult "Game drawn because neither player has mating material"]
[WhiteElo "1836"]
[BlackElo "1691"]
[Opening "Scotch: Potter variation"]
[ECO "C45"]
[NIC "SO.05"]
[Time "13:33:34"]
[TimeControl "2700+10"]

1. e4 e5 2. Nf3 Nc6 3. d4 exd4 4. Nxd4 Bc5 5. Nb3 Be7 6. Nc3 Nf6 7. Be2 O-O
8. O-O Bb4 9. Bg5 h6 10. Bh4 Bxc3 11. bxc3 g5 12. Bg3 Nxe4 13. Bd3 Nxg3 14.
fxg3 Ne5 15. Qh5 Kg7 16. Nd4 d6 17. Bf5 c5 18. Bxc8 cxd4 19. Bxb7 Rb8 20.
cxd4 Rxb7 21. dxe5 dxe5 22. Rad1 Rd7 23. h4 f6 24. Qg4 Rd4 25. Rxd4 Qxd4+
26. Qxd4 exd4 27. Rd1 Rd8 28. c3 d3 29. Kf2 Rb8 30. Ke3 Rb2 31. Rd2 Rb5 32.
Rxd3 Kg6 33. c4 Ra5 34. a3 Kf5 35. Kd4 Ke6 36. hxg5 Rxg5 37. Kc3 a5 38. Kb3
h5 39. Ka4 Rc5 40. Rd4 Rg5 41. Rd5 Rxg3 42. Rxh5 Rxg2 43. Rxa5 f5 44. Ra6+
Ke7 45. c5 f4 46. c6 f3 47. Ra5 Kd6 48. Rf5 Kxc6 49. Rxf3 Kb7 50. Rc3 Rg4+
51. Kb5 Rg5+ 52. Rc5 Rxc5+ 53. Kxc5 Ka8 54. a4 Kb8 55. a5 Ka8 56. a6 Kb8 57.
Kb5 Ka8 58. Kb6 Kb8 59. a7+ Ka8 60. Kc7 Kxa7
{Game drawn because neither player has mating material}
1/2-1/2

[Event "ICC tourney 2092 (45 10)"]
[Site "Internet Chess Club"]
[Date "2020.10.31"]
[Round "2"]
[White "messyblaster"]
[Black "HarleyQueen8"]
[Result "1/2-1/2"]
[ICCResult "Game drawn by repetition"]
[WhiteElo "1568"]
[BlackElo "1846"]
[Opening "QGA: classical variation"]
[ECO "D26"]
[NIC "QG.03"]
[Time "13:33:16"]
[TimeControl "2700+10"]

1. d4 d5 2. c4 dxc4 3. e3 Nf6 4. Bxc4 e6 5. Nf3 c5 6. b3 a6 7. a4 Nc6 8. Bb2
Be7 9. Nbd2 O-O 10. O-O Qc7 11. Qe2 cxd4 12. Nxd4 b6 13. Rac1 Bb7 14. Bd3
Qd7 15. Nxc6 Bxc6 16. Bxa6 Rfd8 17. Rfd1 Bb7 18. Bxb7 Qxb7 19. Nf3 Rac8 20.
Rxd8+ Rxd8 21. Bd4 Ba3 22. Bxf6 gxf6 23. Rd1 Rc8 24. Nd4 Kh8 25. Nb5 Be7 26.
Nd6 Bxd6 27. Rxd6 Qc7 28. Rd1 Qc3 29. Rb1 Rd8 30. Kf1 Rd2 31. Qc4 Qe5 32.
Ke1 Rxf2 33. Kxf2 Qf5+ 34. Qf4 Qxb1 35. Qxf6+ Kg8 36. Qd8+ Kg7 37. Qg5+ Kf8
38. Qd8+ Kg7 39. Qg5+ Kf8 40. Qd8+ Kg7 41. Qg5+ Kf8 42. Qd8+ Kg7 43. Qg5+
Kf8 {Game drawn by repetition} 1/2-1/2

[Event "ICC tourney 2092 (45 10)"]
[Site "Internet Chess Club"]
[Date "2020.10.31"]
[Round "2"]
[White "peekaboopenguin"]
[Black "Spence9000"]
[Result "0-1"]
[ICCResult "White checkmated"]
[WhiteElo "1674"]
[BlackElo "1659"]
[Opening "Sicilian defense"]
[ECO "B40"]
[NIC "SI.43"]
[Time "13:33:15"]
[TimeControl "2700+10"]

1. e4 c5 2. Nf3 e6 3. c3 a6 4. d4 d5 5. exd5 exd5 6. dxc5 Bxc5 7. Bd3 Nf6 8.
O-O Be6 9. Bg5 Nbd7 10. Re1 O-O 11. Nbd2 Qb6 12. Re2 Ng4 13. Bh4 Qxb2 14.
Ne4 Qb6 15. Rb1 Qc6 16. Nxc5 Nxc5 17. h3 Nh6 18. Bc2 Nf5 19. Bg5 h6 20. Bf4
Rad8 21. Ne5 Qc8 22. f3 d4 23. Qe1 d3 24. Nxd3 Nxd3 25. Bxd3 Rxd3 26. Bd2
Rfd8 27. Qc1 Qc5+ 28. Kh2 Qd5 29. Rb2 Kh7 30. c4 Qd4 31. Re4 Qd7 32. Re2 Nd4
33. Rf2 Rc8 34. Qb1 Bf5 35. Qc1 b5 36. c5 Qd5 37. Bb4 Qe5+ 38. f4 Qe4 39. g3
Rd8 40. Ba5 Nf3+ 41. Kg2 Rd1 42. Rbe2 Rxc1 43. Rxe4 Bxe4 44. Bxd8 Rg1#
{White checkmated}
0-1

[Event "ICC tourney 2092 (45 10)"]
[Site "Internet Chess Club"]
[Date "2020.10.31"]
[Round "2"]
[White "tigertiger2019"]
[Black "virajphadke"]
[Result "1-0"]
[ICCResult "Black resigns"]
[WhiteElo "1665"]
[BlackElo "1570"]
[Opening "QGD semi-Slav: neo-Meran (Lundin variation)"]
[ECO "D47"]
[NIC "SL.09"]
[Time "13:33:23"]
[TimeControl "2700+10"]

1. Nf3 Nf6 2. c4 e6 3. d4 d5 4. Nc3 c6 5. e3 Nbd7 6. Bd3 dxc4 7. Bxc4 b5 8.
Bd3 b4 9. Ne2 Bb7 10. O-O Be7 11. Bd2 a5 12. Rc1 O-O 13. Ng3 c5 14. b3 cxd4
15. Nxd4 Ne5 16. Be2 Qd6 17. Be1 Rfd8 18. Qc2 Rac8 19. Qb2 Rxc1 20. Qxc1 Rc8
21. Qb2 Qd5 22. f3 Bc5 23. Bf2 Rd8 24. Rd1 Be7 25. e4 Qd6 26. Be3 Qb8 27.
Kf2 Bc5 28. h3 Qa7 29. Bc4 Rd7 30. Nge2 h6 31. Bb5 Re7 32. Nc2 Bxe3+ 33.
Nxe3 Ng6 34. Rd8+ Kh7 35. Qd4 Qxd4 36. Rxd4 Rc7 37. Nc4 Bc6 38. Bxc6 Rxc6
39. Rd8 e5 40. Ra8 Rc5 41. Rxa5 Rxa5 42. Nxa5 Ne7 43. Nc1 Nd7 44. Nd3 f6 45.
Nxb4 Kg6 46. Nac6 Nc8 47. Nd5 Kf7 48. b4 Ke8 49. a4 Ncb6 50. Nc7+ Kf8 51. a5
Nc8 52. b5 Nc5 53. b6 Nd6 54. a6 Nxa6 55. Nxa6 Ke8 56. Nc5 g5 57. g4 Kf7 58.
b7 Nxb7 59. Nxb7 Kg6 60. Ncd8 h5 61. Nd6 f5 62. exf5+ Kf6 63. gxh5 g4 64. h6
{Black resigns}
1-0

[Event "ICC tourney 2092 (45 10)"]
[Site "Internet Chess Club"]
[Date "2020.10.31"]
[Round "3"]
[White "Spence9000"]
[Black "ybabji"]
[Result "0-1"]
[ICCResult "White resigns"]
[WhiteElo "1632"]
[BlackElo "1824"]
[Opening "Pirc defense"]
[ECO "B07"]
[NIC "PU.08"]
[Time "16:01:26"]
[TimeControl "2700+10"]

1. e4 d6 2. d4 Nf6 3. Nc3 e5 4. Nf3 exd4 5. Nxd4 Bd7 6. Be3 Nc6 7. f3 Be7 8.
Qd2 Nxd4 9. Qxd4 Be6 10. f4 Rg8 11. h3 Nh5 12. g4 Bh4+ 13. Kd1 Ng3 14. Rg1
Bf6 15. Qa4+ Bd7 16. Bb5 c6 17. Bd3 b5 18. Qa3 Bh4 19. Qxd6 Bxg4+
{White resigns}
0-1

[Event "ICC tourney 2092 (45 10)"]
[Site "Internet Chess Club"]
[Date "2020.10.31"]
[Round "3"]
[White "ved2006"]
[Black "imranchamp"]
[Result "1-0"]
[ICCResult "Black checkmated"]
[WhiteElo "1685"]
[BlackElo "1805"]
[Opening "King's Indian: London system"]
[ECO "A48"]
[NIC "QP.06"]
[Time "16:01:23"]
[TimeControl "2700+10"]

1. d4 Nf6 2. Nf3 g6 3. Bf4 d6 4. e3 Nh5 5. Bg3 Nxg3 6. hxg3 Bg7 7. c4 Nd7 8.
Nc3 e5 9. Be2 O-O 10. O-O f5 11. dxe5 dxe5 12. Qb3 Nc5 13. Qc2 a5 14. Rad1
Bd7 15. Rd2 c6 16. Rfd1 Qc7 17. Na4 Bc8 18. Nxc5 e4 19. Nd4 Re8 20. Na4 Be6
21. Nxe6 Rxe6 22. Rd7 Qb8 23. c5 b5 24. cxb6 Re8 25. Qb3+ Kh8 26. b7 Ra7 27.
Rd8 Rxd8 28. Rxd8+ Qxd8 29. b8=Q Ra8 30. Qxd8+ Rxd8 31. Nc5 h5 32. Ne6 Rd2
33. Nxg7 Rxe2 34. Ne6 Re1+ 35. Kh2 f4 36. Nxf4 h4 37. gxh4 g5 38. hxg5 a4
39. Qc3+ Kh7 40. Qxe1 a3 41. bxa3 c5 42. Qc3 c4 43. Qf6 c3 44. g6+ Kh6 45.
g7+ Kh7 46. Qf8 Kh6 47. g8=Q# {Black checkmated} 1-0

[Event "ICC tourney 2092 (45 10)"]
[Site "Internet Chess Club"]
[Date "2020.10.31"]
[Round "3"]
[White "wahoo"]
[Black "RaymondJiang1"]
[Result "1-0"]
[ICCResult "Black checkmated"]
[WhiteElo "1767"]
[BlackElo "1427"]
[Opening "Giuoco Piano"]
[ECO "C54"]
[NIC "IG.02"]
[Time "16:01:29"]
[TimeControl "2700+10"]

1. e4 e5 2. Nf3 Nc6 3. Bc4 Bc5 4. c3 Nf6 5. d3 d6 6. O-O h6 7. h3 O-O 8. Re1
Be6 9. Bb3 Qd7 10. Bxe6 fxe6 11. d4 exd4 12. cxd4 Bb4 13. Bd2 Bxd2 14. Nbxd2
e5 15. dxe5 Nxe5 16. Qb3+ Kh8 17. Rad1 Qf7 18. Nxe5 dxe5 19. Nc4 Nd7 20. f3
b6 21. Qc3 Qe7 22. Rd5 c6 23. Nxe5 Nxe5 24. Rxe5 Qf6 25. Rd1 Rfd8 26. Rxd8+
Rxd8 27. Rf5 Rd1+ 28. Kh2 Qxc3 29. bxc3 Rd7 30. Kg3 Kh7 31. Kf4 Re7 32. Rf8
g6 33. Rd8 Kg7 34. Rd6 c5 35. c4 Kf7 36. a4 Kg7 37. e5 Kf7 38. Ke4 Kg7 39.
Kd5 Kf7 40. g4 Kg7 41. f4 h5 42. e6 hxg4 43. hxg4 Kf6 44. Rd7 Rxd7+ 45. exd7
Ke7 46. Kc6 Kd8 47. f5 gxf5 48. gxf5 a6 49. f6 b5 50. axb5 axb5 51. cxb5 c4
52. b6 c3 53. b7 c2 54. b8=Q# {Black checkmated} 1-0

[Event "ICC tourney 2092 (45 10)"]
[Site "Internet Chess Club"]
[Date "2020.10.31"]
[Round "3"]
[White "chesslin"]
[Black "mikoyansuren"]
[Result "0-1"]
[ICCResult "White resigns"]
[WhiteElo "1864"]
[BlackElo "1966"]
[Opening "Queen's pawn, Mason variation"]
[ECO "D00"]
[NIC "QP.08"]
[Time "16:01:29"]
[TimeControl "2700+10"]

1. d4 d5 2. Bf4 Bf5 3. c4 Nf6 4. Nc3 e6 5. e3 c5 6. Bxb8 Qxb8 7. Nf3 dxc4 8.
Qa4+ Nd7 9. Ne5 Qc8 10. Nb5 a6 11. Nc3 cxd4 12. exd4 b5 13. Nxb5 axb5 14.
Qxb5 Bd6 15. Bxc4 Rb8 16. Rd1 Rxb5 17. Bxb5 Bxe5 18. dxe5 Qc5 19. Bxd7+ Ke7
20. O-O Qxe5 21. b4 Qb2 22. b5 Qxa2 23. Ra1 Qb3 24. Ra7 Kf6 25. Rfa1 Rd8 26.
h3 Qd3 27. Bc6 Qc4 28. g4 Be4 29. R7a4 Rd1+ 30. Rxd1 Qxa4 31. Rc1 Bd5
{White resigns}
0-1

[Event "ICC tourney 2092 (45 10)"]
[Site "Internet Chess Club"]
[Date "2020.10.31"]
[Round "3"]
[White "Telos53"]
[Black "messyblaster"]
[Result "1/2-1/2"]
[ICCResult "Game drawn by mutual agreement"]
[WhiteElo "1805"]
[BlackElo "1560"]
[Opening "Queen's pawn game"]
[ECO "D04"]
[NIC "QP.08"]
[Time "16:01:41"]
[TimeControl "2700+10"]

1. d4 d5 2. Nf3 Nf6 3. e3 Bg4 4. c4 c6 5. Nc3 e6 6. Qb3 Qb6 7. Bd2 Nbd7 8.
Bd3 dxc4 9. Bxc4 Be7 10. Rc1 Qxb3 11. Bxb3 O-O 12. h3 Bxf3 13. gxf3 Rfe8 14.
e4 Nb6 15. O-O Rad8 16. Be3 Rd7 17. Rfd1 Red8 18. e5 Nfd5 19. Nxd5 Nxd5 20.
Bxd5 Rxd5 21. Re1 a6 22. Rc4 Rb5 23. Re2 Rdd5 24. f4 h6
{Game drawn by mutual agreement}
1/2-1/2

[Event "ICC tourney 2092 (45 10)"]
[Site "Internet Chess Club"]
[Date "2020.10.31"]
[Round "3"]
[White "KyleZhuang"]
[Black "poohfur"]
[Result "0-1"]
[ICCResult "White checkmated"]
[WhiteElo "1608"]
[BlackElo "1731"]
[Opening "Ruy Lopez: Wormald (Alapin) attack"]
[ECO "C77"]
[NIC "RL.12"]
[Time "16:01:26"]
[TimeControl "2700+10"]

1. e4 e5 2. Nf3 Nc6 3. Bb5 a6 4. Ba4 Nf6 5. Qe2 b5 6. Bb3 Bc5 7. d3 Rb8 8.
Nbd2 d6 9. c3 O-O 10. O-O Bb6 11. h3 Ne7 12. Rd1 Re8 13. Nf1 Bb7 14. Ng3 d5
15. Bg5 Ng6 16. Nh5 Nf4 17. Nxf4 exf4 18. e5 d4 19. cxd4 Bxd4 20. Bxf6 gxf6
21. Nxd4 Qxd4 22. Qg4+ Kh8 23. Bxf7 Rxe5 24. h4 Re7 25. Qh5 Rf8 26. Bg6 Rg8
27. Be4 Rxe4 28. dxe4 Qxe4 29. f3 Qe2 30. Qg4 Rxg4 31. fxg4 Qxg2#
{White checkmated}
0-1

[Event "ICC tourney 2092 (45 10)"]
[Site "Internet Chess Club"]
[Date "2020.10.31"]
[Round "3"]
[White "javasri"]
[Black "DanielA1926"]
[Result "1/2-1/2"]
[ICCResult "Game drawn by mutual agreement"]
[WhiteElo "1867"]
[BlackElo "1533"]
[Opening "Sicilian defense"]
[ECO "B20"]
[NIC "SI.48"]
[Time "16:01:28"]
[TimeControl "2700+10"]

1. e4 c5 2. c4 e5 3. d3 Nc6 4. f4 d6 5. Nf3 f5 6. Nc3 Nge7 7. Be2 Ng6 8.
fxe5 dxe5 9. O-O Bd6 10. exf5 Bxf5 11. Nxe5 O-O 12. Nxg6 Bxg6 13. Rxf8+ Qxf8
14. Bg5 Qb8 15. h3 h6 16. Be3 Qe8 {Game drawn by mutual agreement} 1/2-1/2

[Event "ICC tourney 2092 (45 10)"]
[Site "Internet Chess Club"]
[Date "2020.10.31"]
[Round "3"]
[White "Natey"]
[Black "ajedrez7"]
[Result "1-0"]
[ICCResult "Black checkmated"]
[WhiteElo "1703"]
[BlackElo "1620"]
[Opening "Ruy Lopez: closed, Borisenko defense"]
[ECO "C96"]
[NIC "RL.23"]
[Time "16:01:41"]
[TimeControl "2700+10"]

1. e4 e5 2. Nf3 Nc6 3. Bb5 a6 4. Ba4 Nf6 5. O-O b5 6. Bb3 Be7 7. Re1 O-O 8.
c3 d6 9. h3 Na5 10. Bc2 c5 11. d4 Nc6 12. Be3 a5 13. d5 Nb8 14. Nbd2 b4 15.
Nf1 Re8 16. Ng3 Nbd7 17. a3 bxa3 18. bxa3 Nb6 19. Qe2 Qc7 20. Reb1 Ba6 21.
Bd3 Bxd3 22. Qxd3 h6 23. Nf5 Bf8 24. Rb5 Nbd7 25. Rab1 Rab8 26. c4 Rxb5 27.
cxb5 Nb6 28. Nd2 Rc8 29. Nc4 Nxc4 30. Qxc4 Nd7 31. Qc3 Kh7 32. a4 g6 33. Ng3
Ra8 34. Nf1 Nb6 35. Qc2 Bg7 36. Nd2 Qd7 37. Nc4 Nxc4 38. Qxc4 Qb7 39. b6 f5
40. Qb5 Bf8 41. Qc6 Rb8 42. Bd2 fxe4 43. Bxa5 Kg7 44. Bc3 Kf7 45. a5 Qa6 46.
Qc7+ Be7 47. Qxb8 Qd3 48. Rf1 Qxc3 49. a6 e3 50. a7 e2 51. g3 e1=Q 52. a8=Q
Qxg3+ 53. fxg3+ Kg7 54. Qh8# {Black checkmated} 1-0

[Event "ICC tourney 2092 (45 10)"]
[Site "Internet Chess Club"]
[Date "2020.10.31"]
[Round "3"]
[White "maxwellmassiah"]
[Black "landonp"]
[Result "1-0"]
[ICCResult "Black resigns"]
[WhiteElo "1687"]
[BlackElo "1345"]
[Opening "Queen's pawn: London system"]
[ECO "A45"]
[NIC "QP.07"]
[Time "16:02:08"]
[TimeControl "2700+10"]

1. d4 Nf6 2. Bf4 g6 3. e3 d5 4. Bd3 Bg7 5. Nd2 O-O 6. Ngf3 c5 7. c3 c4 8.
Bc2 Nc6 9. O-O Re8 10. e4 e6 11. Re1 Qb6 12. Rb1 Ng4 13. h3 Nf6 14. Bg3 Bd7
15. Ne5 Nxe5 16. dxe5 Nh5 17. Bh2 Bf8 18. g4 Ng7 19. Qf3 Bc6 20. Qf4 Bc5 21.
Nf1 Red8 22. Ne3 dxe4 23. Nxc4 Bxf2+ 24. Qxf2 Qa6 25. Nd6 Rd7 26. Bxe4 Bxe4
27. Nxe4 Rc7 28. Nf6+ Kf8 29. Nxh7+ Ke7 30. Qf6+ Ke8 31. Bg3 Qxa2 32. Qxg7
Rcc8 33. Rbd1 {Black resigns} 1-0

[Event "ICC tourney 2092 (45 10)"]
[Site "Internet Chess Club"]
[Date "2020.10.31"]
[Round "3"]
[White "LoopyLoop"]
[Black "VincentT2008"]
[Result "0-1"]
[ICCResult "White resigns"]
[WhiteElo "1600"]
[BlackElo "1811"]
[Opening "Giuoco Pianissimo"]
[ECO "C55"]
[NIC "IG.01"]
[Time "16:02:03"]
[TimeControl "2700+10"]

1. e4 e5 2. Nf3 Nc6 3. Bc4 Nf6 4. d3 Bc5 5. c3 d6 6. Nbd2 O-O 7. O-O a6 8.
Bb3 Ba7 9. Re1 Ne7 10. Nf1 Ng6 11. Ng3 Re8 12. d4 Bg4 13. Be3 exd4 14. Bxd4
Bxd4 15. cxd4 Nh4 16. Qd3 Bxf3 17. gxf3 Qd7 18. Bd1 Ng6 19. Qe3 Nd5 20. Qd3
Ndf4 21. Qf1 Rad8 22. Ne2 Nxe2+ 23. Bxe2 Nf4 24. Kh1 Re6 25. Bc4 Rg6 26.
Rad1 b5 27. Bb3 Ng2 28. Qxg2 Rxg2 29. Kxg2 a5 30. h3 a4 31. Bc2 Qe7 32. Bd3
Qg5+ 33. Kh1 Qh5 34. Kg2 Re8 35. Be2 Re6 36. f4 Qg6+ 37. Bg4 Re8 38. Kf3 h5
39. Bd7 Rb8 40. Rc1 Qf6 41. e5 dxe5 42. dxe5 Qb6 43. Red1 Rd8 44. Bf5 Rxd1
45. Rxd1 g6 46. Be4 Qe6 47. f5 gxf5 48. Rg1+ Kf8 49. Bd3 Qd5+ 50. Ke3 Qxe5+
51. Kf3 Qd5+ 52. Ke3 f4+ 53. Kd2 c5 54. Ke2 f3+ 55. Ke3 Qd4+ 56. Kd2 Qxf2+
{White resigns}
0-1